[Event "Team 45 45 League T52"]
[Site "Internet Chess Club"]
[Date "2012.03.17"]
[Round "5"]
[White "Duguesclin"]
[Black "Timotheous"]
[Result "1/2-1/2"]
[WhiteElo "1648"]
[BlackElo "1614"]
[Opening "Benkö gambit: Zaitsev system"]
[ECO "A57"]
[Time "08:30:53"]
[TimeControl "2700+45"]

1. d4 Nf6 2. c4 c5 3. d5 b5 4. cxb5 a6 5. Nc3 axb5 6. Nxb5 Qa5+ 7. Nc3 Ne4 8.
Bd2 Nxd2 9. Qxd2 g6 10. e4 d6 11. Bb5+ Bd7 12. Bxd7+ Nxd7 13. Nge2 Bg7 14. O-O
O-O 15. f4 Rfb8 16. Rab1 Qb4 17. a3 Qb3 18. Kh1 Rb7 19. Rf3 Qc4 20. Qd3 Qb3 21.
Nc1 Qb6 22. Qf1 Qa5 23. N1e2 Rb3 24. g4 Rab8 25. h4 Rxb2 26. Rxb2 Rxb2 27. h5
Qxa3 28. Nd1 Rb3 29. Rxb3 Qxb3 30. hxg6 hxg6 31. Kg2 c4 32. Qe1 Nc5 33. Ndc3 Nd3
34. Qd2 Bxc3 35. Nxc3 Nxf4+ 36. Kf3 Nd3 37. g5 Nc5 38. Kf4 Qb4 39. Qd4 Nd3+ 40.
Ke3 Qc5 41. Qxc5 Nxc5 42. Kd4 Nd3 43. Kxc4 Ne5+ 44. Kd4 Nf3+ 45. Ke3 Nxg5 46.
Kf4 f6 47. Ne2 Nf7 48. Nd4 Nd8 49. Nc6 Nb7 50. Nxe7+ Kf7 51. Nc8 Kg7 52. Nb6 Kh6
53. Nd7 Kg7 54. Nb6 Kf7 55. Nc4 Nc5 56. Nxd6+ Ke7 57. Nc4 Nb7 58. Ke3 g5 59. Kd4
Nd6 60. Ne3 Nb5+ 61. Kc5 Nd6 62. Kd4 Nb5+ 63. Kd3 Nd6 64. Nf1 Nb5 65. Kc4 Nd6+
66. Kd4 Nb5+ 67. Kc5 Nd6 68. Ng3 Kd7 69. Kb6 Nc4+ 70. Kb5 Nd6+ 71. Kc5 Kc7 72.
Kd4 {Game drawn by mutual agreement} 1/2-1/2

[Event "Team 45 45 League T52"]
[Site "Internet Chess Club"]
[Date "2012.03.19"]
[Round "5"]
[White "JohLeb"]
[Black "powerchess1"]
[Result "0-1"]
[WhiteElo "1390"]
[BlackElo "1641"]
[Opening "Dutch defense"]
[ECO "A40"]
[Time "19:01:31"]
[TimeControl "2700+45"]

1. d4 e6 2. c4 f5 3. Nf3 Nf6 4. Nc3 Bb4 5. a3 Bxc3+ 6. bxc3 O-O 7. e3 b6 8. Bd3
Bb7 9. O-O Qe8 10. Re1 Be4 11. Ne5 d6 12. Bxe4 Nxe4 13. Nd3 Nxc3 14. Qc2 Ne4 15.
f3 Nf6 16. e4 fxe4 17. fxe4 Nc6 18. Bb2 e5 19. d5 Na5 20. Rac1 Nb7 21. Nb4 Nc5
22. Nc6 a5 23. a4 Nfd7 24. Ba3 Nb8 25. Nxb8 Rxb8 26. Bxc5 bxc5 27. Rb1 Rb4 28.
Rxb4 cxb4 29. c5 Qf7 30. cxd6 cxd6 31. Rc1 h6 32. Qe2 Qa7+ 33. Kh1 Qf2 34. Qxf2
Rxf2 35. Kg1 Ra2 36. Rc6 Rxa4 37. Rxd6 Ra1+ 38. Kf2 b3 39. Rb6 a4 40. d6 Rd1 41.
Ra6 b2 42. Rb6 b1=Q {White resigns} 0-1

[Event "Team 45 45 League T52"]
[Site "Internet Chess Club"]
[Date "2012.03.20"]
[Round "5"]
[White "JWB"]
[Black "randallsr"]
[Result "1-0"]
[WhiteElo "1711"]
[BlackElo "1704"]
[Opening "Queen's Indian: old main line, 6.O-O"]
[ECO "E17"]
[Time "15:00:10"]
[TimeControl "2700+45"]

1. c4 e6 2. Nf3 Nf6 3. g3 b6 4. Bg2 Bb7 5. O-O Be7 6. d4 h6 7. Nc3 d6 8. b3 Nbd7
9. d5 e5 10. e4 Nh7 11. Be3 Ng5 12. Nd2 f6 13. Qh5+ Kf8 14. h4 Nf7 15. Bh3 a6
16. Be6 Qe8 17. b4 Nd8 18. Qxe8+ Kxe8 19. Bf5 Nf8 20. Nb3 Bc8 21. Bxc8 Rxc8 22.
Rfc1 Nb7 23. Na4 Nd7 24. c5 b5 25. c6 bxa4 26. cxb7 Rb8 27. Na5 Nb6 28. Rxc7 Na8
29. bxa8=Q Rxa8 30. Rac1 Kf7 31. Nc6 Rhe8 32. Rxe7+ Rxe7 33. Nxe7 Kxe7 34. Rc7+
Kf8 35. a3 g5 36. hxg5 hxg5 37. g4 Rb8 38. Rc6 a5 39. bxa5 {Black resigns} 1-0

[Event "Team 45 45 League T52"]
[Site "Internet Chess Club"]
[Date "2012.03.17"]
[Round "5"]
[White "b-spot"]
[Black "Frankly"]
[Result "1-0"]
[WhiteElo "1643"]
[BlackElo "1720"]
[Opening "QGA: Alekhine defense"]
[ECO "D22"]
[Time "15:01:23"]
[TimeControl "2700+45"]

1. d4 d5 2. c4 dxc4 3. Nf3 a6 4. e3 Bg4 5. Bxc4 e6 6. Nc3 Nf6 7. h3 Bh5 8. g4
Bg6 9. Ne5 Nbd7 10. Nxg6 hxg6 11. Bf1 c6 12. Bg2 Qc7 13. O-O Bd6 14. f4 O-O-O
15. Qe2 Rh7 16. Bd2 Rdh8 17. Rac1 Nb6 18. e4 Ne8 19. e5 Be7 20. a4 Bb4 21. Nb5
axb5 22. Bxb4 Nxa4 23. b3 Nb6 24. Ba5 Kb8 25. Rf3 Qd8 26. Qe3 Kc8 27. d5 Nxd5
28. Qa7 Nec7 29. Rd3 Qe7 30. Bxd5 exd5 31. Kg2 Qa3 32. Rxc6 Qa2+ 33. Rd2 Qxa5
34. Qxa5 bxc6 35. Rd3 Kd7 36. Qb6 Ra8 37. Rc3 Ra2+ 38. Kg3 Ra6 39. Qc5 Ne8 40.
Qf8 Ra1 41. Qxf7+ Kd8 42. e6 Nf6 43. e7+ Kc7 44. e8=Q+ Kb6 45. Qxc6+ Ka5 46.
Qa7+ Kb4 47. Qcc5# {Black checkmated} 1-0

[Event "Team 45 45 League T52"]
[Site "Internet Chess Club"]
[Date "2012.03.16"]
[Round "5"]
[White "julesraider"]
[Black "Signalman"]
[Result "1-0"]
[WhiteElo "1594"]
[BlackElo "1536"]
[Opening "Old Indian: Ukrainian variation"]
[ECO "A53"]
[Time "11:40:34"]
[TimeControl "2700+45"]

1. d4 Nf6 2. c4 d6 3. Nc3 e5 4. e4 exd4 5. Qxd4 Nc6 6. Qd2 g6 7. g3 Bg7 8. Bg2
O-O 9. Nge2 a5 10. O-O Re8 11. f3 a4 12. Nf4 Bh6 13. Ncd5 Bg7 14. Rb1 Ne5 15.
Qc2 c6 16. Ne3 Nfd7 17. Nd3 Nxd3 18. Qxd3 Nc5 19. Qc2 b5 20. Rd1 b4 21. Qd2 Na6
22. Qxd6 Qxd6 23. Rxd6 c5 24. Kf1 Bd4 25. Nd5 Kg7 26. f4 Be6 27. e5 Bxd5 28.
Bxd5 Rab8 29. Rxa6 h5 30. Bd2 a3 31. b3 Rf8 32. Ra7 Kg8 33. Re1 Rbd8 34. Be3
Rde8 35. Bxd4 cxd4 36. Rd1 Ra8 {Black resigns} 1-0

[Event "Team 45 45 League T52"]
[Site "Internet Chess Club"]
[Date "2012.03.18"]
[Round "5"]
[White "werty"]
[Black "rayngrant"]
[Result "1-0"]
[WhiteElo "1525"]
[BlackElo "1551"]
[Opening "Queen's pawn game"]
[ECO "A45"]
[Time "15:02:10"]
[TimeControl "2700+45"]

1. d4 Nf6 2. g3 g6 3. Bg2 Bg7 4. Nf3 O-O 5. O-O d5 6. c3 c6 7. Re1 Re8 8. Nbd2
Bf5 9. Nh4 Qd7 10. Nxf5 Qxf5 11. e4 dxe4 12. Nxe4 Nxe4 13. Bxe4 Qc8 14. Bf4 Nd7
15. Qd2 Nf6 16. Bg2 Qd7 17. Re2 Nd5 18. Rae1 Nxf4 19. Qxf4 e6 20. Re4 Rad8 21.
h4 a5 22. Bf3 b5 23. h5 Re7 24. hxg6 hxg6 25. Kg2 Qc7 26. Qxc7 Rxc7 27. a3 c5
28. dxc5 Rxc5 29. R1e2 Rc4 30. Rxc4 bxc4 31. Kf1 Rd1+ 32. Re1 Rxe1+ 33. Kxe1 Bh6
34. Kd1 Kf8 35. Be2 Ke7 36. Bxc4 Kd6 37. b4 axb4 38. cxb4 Kc6 39. Kc2 g5 40. a4
Bg7 41. a5 Bd4 42. f3 e5 43. g4 f6 44. Kd3 Bf2 45. b5+ Kb7 46. Ke4 Bc5 47. Kf5
Be7 48. Bd5+ Ka7 49. Ke6 Bd8 50. a6 Kb6 51. Kd7 Bc7 52. a7 {Black resigns} 1-0

[Event "Team 45 45 League T52"]
[Site "Internet Chess Club"]
[Date "2012.03.17"]
[Round "5"]
[White "lw"]
[Black "Bible-Believer"]
[Result "1/2-1/2"]
[WhiteElo "1491"]
[BlackElo "1501"]
[Opening "Sicilian defense"]
[ECO "B32"]
[Time "15:10:35"]
[TimeControl "2700+45"]

1. e4 c5 2. Nf3 Nc6 3. d4 cxd4 4. c3 dxc3 5. Nxc3 d6 6. Bc4 e6 7. Bb3 Nf6 8. Bg5
Be7 9. e5 dxe5 10. Qxd8+ Bxd8 11. Ba4 Bd7 12. Bxc6 Bxc6 13. Nxe5 Bxg2 14. Rg1
Bh3 15. Nb5 O-O 16. Bxf6 Bxf6 17. Nd7 Bxb2 18. Rb1 Rfd8 19. Rxb2 Rxd7 20. Rb3 a6
21. Na3 b5 22. Rxh3 Rad8 23. Rhg3 Rd1+ 24. Ke2 R8d2+ 25. Ke3 Rd3+ 26. Ke4 Rd4+
27. Ke3 R1d3+ 28. Ke2 Rd2+ 29. Ke1 Rd1+ 30. Ke2 R1d2+ {Game drawn by mutual
agreement} 1/2-1/2

[Event "Team 45 45 League T52"]
[Site "Internet Chess Club"]
[Date "2012.03.17"]
[Round "5"]
[White "OGO"]
[Black "rcddonovan"]
[Result "0-1"]
[WhiteElo "1515"]
[BlackElo "1421"]
[Opening "Bird's opening"]
[ECO "A03"]
[Time "18:00:36"]
[TimeControl "2700+45"]

1. f4 d5 2. Nf3 Nf6 3. e3 Bg4 4. d3 e6 5. Be2 Be7 6. O-O O-O 7. Nbd2 c5 8. b3
Nc6 9. Bb2 h6 10. Rc1 a5 11. d4 cxd4 12. Nxd4 Bxe2 13. Nxc6 Bxd1 14. Nxd8 Be2
15. Rfe1 Bg4 16. Nxb7 Rfb8 17. Bxf6 gxf6 18. Nxa5 Rxa5 19. a4 Ba3 20. Rb1 Bb4
21. Red1 Bxd1 22. Rxd1 Rc8 23. Nf3 Rxc2 24. Nd4 Rc3 25. Kf2 e5 {White resigns}
0-1

[Event "Team 45 45 League T52"]
[Site "Internet Chess Club"]
[Date "2012.03.20"]
[Round "5"]
[White "kingsrook"]
[Black "mrmarck"]
[Result "1-0"]
[WhiteElo "1264"]
[BlackElo "1315"]
[Opening "Colle system"]
[ECO "D05"]
[Time "18:00:07"]
[TimeControl "2700+45"]

1. d4 d5 2. Nf3 e6 3. e3 Nf6 4. Bd3 c5 5. c3 Be7 6. Nbd2 O-O 7. O-O b6 8. Re1
Bb7 9. Ne5 Nbd7 10. Ndf3 Ne4 11. Nxd7 Qxd7 12. Ne5 Qc7 13. Qg4 Nf6 14. Qh3 Rac8
15. Bd2 a6 16. Rac1 b5 17. Rf1 g6 18. f4 Ne4 19. Be1 cxd4 20. exd4 Bf6 21. Bb1
Bg7 22. Rf3 f5 23. Qh4 Bf6 24. Qh6 Bg7 25. Qh4 Bf6 26. Qh6 Rce8 27. Rh3 Re7 28.
Rc2 Bh8 29. Nxg6 hxg6 30. Qxh8+ Kf7 31. Qh7+ Ke8 32. Qxg6+ Kd8 33. Bh4 Qxf4 34.
Bxe7+ Kc8 35. Bxf8 {Black resigns} 1-0

[Event "Team 45 45 League T52"]
[Site "Internet Chess Club"]
[Date "2012.03.15"]
[Round "5"]
[White "PT105"]
[Black "Aquaman"]
[Result "1-0"]
[WhiteElo "1241"]
[BlackElo "1208"]
[Opening "QP counter-gambit: Maroczy gambit"]
[ECO "C40"]
[Time "20:02:52"]
[TimeControl "2700+45"]

1. e4 e5 2. Nf3 d5 3. exd5 Bd6 4. Nc3 Nf6 5. Bb5+ Bd7 6. Bxd7+ Nbxd7 7. O-O O-O
8. d3 h6 9. Re1 a6 10. d4 exd4 11. Nxd4 Nxd5 12. Nxd5 c6 13. Nc3 f5 14. Ne6 Qf6
15. Nxf8 Qxf8 16. Re6 Bc5 17. Bf4 Nf6 18. Qe2 Ng4 19. Be3 Bd6 20. g3 {Black
forfeits on time} 1-0

[Event "Team 45 45 League T52"]
[Site "Internet Chess Club"]
[Date "2012.03.19"]
[Round "5"]
[White "BrerRabbit"]
[Black "oldsj"]
[Result "0-1"]
[WhiteElo "1476"]
[BlackElo "1557"]
[Opening "English, 1...Nf6 (Anglo-Indian defense)"]
[ECO "A15"]
[Time "19:14:32"]
[TimeControl "2700+45"]

1. c4 Nf6 2. g3 g6 3. Bg2 Bg7 4. Nc3 d6 5. e4 O-O 6. Nge2 c5 7. O-O Nc6 8. d3
Bg4 9. f3 Bd7 10. Be3 Qc8 11. Qd2 Ne5 12. Rab1 Bh3 13. Nf4 Bxg2 14. Kxg2 e6 15.
b3 Nc6 16. Rfd1 a6 17. h4 h5 18. Nfe2 Qc7 19. d4 Rad8 20. Qe1 Rfe8 21. dxc5 dxc5
22. Bxc5 Nd7 23. Be3 Nde5 24. Rb2 Nd3 25. Qd2 Nxb2 26. Qxb2 Rxd1 {White resigns}
0-1

[Event "Team 45 45 League T52"]
[Site "Internet Chess Club"]
[Date "2012.03.20"]
[Round "5"]
[White "stanbeers"]
[Black "PsyMar"]
[Result "1-0"]
[WhiteElo "1434"]
[BlackElo "1283"]
[Opening "Two knights defense"]
[ECO "C55"]
[Time "19:00:36"]
[TimeControl "2700+45"]

1. e4 e5 2. Nf3 Nc6 3. Bc4 Nf6 4. O-O Bc5 5. c3 d5 6. exd5 Nxd5 7. d4 exd4 8.
Re1+ Be6 9. cxd4 Bb4 10. Bxd5 Bxe1 11. Bxc6+ bxc6 12. Qxe1 O-O 13. Bg5 Qb8 14.
b3 Re8 15. Qd1 Qb4 16. Nbd2 Bd5 17. h3 f6 18. Bh4 Rad8 19. Bg3 Rd7 20. Qc2 Rde7
21. Qf5 Qc3 22. Rb1 Be6 23. Qf4 Qd3 24. Rc1 g5 25. Qxf6 Rg7 26. Nc4 Bxc4 27.
bxc4 Rg6 28. Ne5 Rxe5 29. Qxe5 h5 30. c5 h4 31. Qe8+ Kh7 32. Be5 Rg8 33. Qh5#
{Black checkmated} 1-0

[Event "Team 45 45 League T52"]
[Site "Internet Chess Club"]
[Date "2012.03.20"]
[Round "5"]
[White "Skylab"]
[Black "Fogbound"]
[Result "0-1"]
[WhiteElo "1326"]
[BlackElo "1308"]
[Opening "Queen's pawn"]
[ECO "A40"]
[Time "13:30:09"]
[TimeControl "2700+45"]

1. d4 e6 2. Nf3 f5 3. c4 Nf6 4. g3 c6 5. Bg2 d5 6. cxd5 cxd5 7. O-O Bd6 8. Nc3
a6 9. Bg5 O-O 10. Ne5 Be7 11. e3 Nbd7 12. f4 Nb6 13. b3 Bd7 14. Rc1 Rc8 15. Nb1
Bb5 16. Rf2 Nbd7 17. Rfc2 Nb6 18. a4 Bd7 19. a5 Na8 20. Rxc8 Bxc8 21. Qe1 Qd6
22. Qc3 Nc7 23. Qxc7 Qd8 24. Qxc8 Qxc8 25. Rxc8 Rxc8 26. Nd2 Rc1+ 27. Kf2 Rc2
28. Ke2 Bb4 29. Bf3 Rxd2+ 30. Kf1 Rxh2 31. Bh4 Rb2 32. Bd1 Rb1 33. Ke2 Ne4 34.
g4 Nc3+ {White resigns} 0-1

[Event "Team 45 45 League T52"]
[Site "Internet Chess Club"]
[Date "2012.03.15"]
[Round "5"]
[White "JustinL"]
[Black "RedAttack"]
[Result "0-1"]
[WhiteElo "1855"]
[BlackElo "1927"]
[Opening "Bird's opening"]
[ECO "A03"]
[Time "15:00:37"]
[TimeControl "2700+45"]

1. f4 d5 2. Nf3 Nc6 3. e3 Nf6 4. c4 d4 5. d3 dxe3 6. Bxe3 Bf5 7. Nc3 h6 8. a3 e6
9. h3 Be7 10. Be2 Nd7 11. Qd2 Nc5 12. Bxc5 Bxc5 13. O-O-O Na5 14. Qc2 Be3+ 15.
Kb1 Bxf4 16. Ka2 Nc6 17. Rhf1 Be3 18. Ne4 Nd4 19. Nxd4 Bxd4 20. Ng3 Bh7 21. Bf3
Rb8 22. Qa4+ c6 23. b4 Qd6 24. Ne4 Bxe4 25. Bxe4 O-O 26. Qc2 f5 27. Bf3 e5 28.
Qb3 Kh8 29. Bh5 b5 30. c5 Qc7 31. h4 a5 32. Bg6 axb4 33. Bxf5 bxa3 34. Be4 Bxc5
35. g4 Rxf1 36. Rxf1 Rf8 37. Rxf8+ Bxf8 38. Qe6 Qd6 39. Qf7 Qb4 40. Qf2 Be7 41.
h5 c5 42. Bd5 c4 43. dxc4 bxc4 44. Qc2 c3 45. Qb3 Qc5 46. Qb8+ Bf8 47. Qxe5 Qf2+
48. Kb3 Qb2+ 49. Kc4 Qb4+ 50. Kd3 Qb5+ 51. Kc2 Qb2+ 52. Kd3 Qd2+ 53. Kc4 c2
{White resigns} 0-1

[Event "Team 45 45 League T52"]
[Site "Internet Chess Club"]
[Date "2012.03.17"]
[Round "5"]
[White "Reeza"]
[Black "Packerfan"]
[Result "1-0"]
[WhiteElo "1901"]
[BlackElo "1843"]
[Opening "Scotch: Mieses variation"]
[ECO "C45"]
[Time "10:00:34"]
[TimeControl "2700+45"]

1. e4 e5 2. Nf3 Nc6 3. d4 exd4 4. Nxd4 Nf6 5. Nxc6 bxc6 6. e5 Nd5 7. c4 Nb6 8.
Bd3 Bb4+ 9. Bd2 Bxd2+ 10. Nxd2 O-O 11. Qc2 h6 12. O-O d6 13. Rfe1 f6 14. e6 Re8
15. Bf5 Re7 16. Nf3 c5 17. Nh4 Rb8 18. Bh7+ Kh8 19. Ng6+ Kxh7 20. Nf8+ Kg8 21.
Qh7+ Kxf8 22. Qh8# {Black checkmated} 1-0

[Event "Team 45 45 League T52"]
[Site "Internet Chess Club"]
[Date "2012.03.18"]
[Round "5"]
[White "BYOB69"]
[Black "GrandUnified"]
[Result "1/2-1/2"]
[WhiteElo "1813"]
[BlackElo "1635"]
[Opening "Dutch"]
[ECO "A80"]
[Time "20:00:18"]
[TimeControl "2700+45"]

1. d4 f5 2. Bf4 Nf6 3. e3 d6 4. Nf3 Nbd7 5. Bc4 Nb6 6. Bb3 d5 7. Ne5 e6 8. Nd2
c5 9. c3 a5 10. O-O Bd6 11. Ndf3 O-O 12. h3 Ne4 13. Nd2 Nxd2 14. Qxd2 g5 15. Bh2
Qc7 16. Qe2 Nd7 17. Nf3 Bxh2+ 18. Nxh2 Nf6 19. Nf3 g4 20. hxg4 Nxg4 21. g3 b6
22. Kg2 Ba6 23. c4 a4 24. Bc2 Bxc4 25. Bd3 Bxd3 26. Qxd3 c4 27. Qe2 Rf6 28. Rh1
Rg6 29. Rh3 Rf8 30. Rah1 Rf7 31. Kf1 c3 32. bxc3 Qxc3 33. Qb5 Qc4+ 34. Qxc4 dxc4
35. Ke2 Rb7 36. Rb1 b5 37. a3 Rgg7 38. Rhh1 Rgc7 39. Rhc1 h6 40. Nd2 Nf6 41. Nf3
Rg7 42. Ne5 Ne4 43. Rb4 Kh7 44. Ke1 Rgc7 45. Rcb1 c3 46. Rc1 Nd2 47. Rc2 Nb3 48.
Ke2 Na1 49. Rc1 c2 50. Rb2 Rc8 51. Nd3 Rc3 52. Rxa1 Rbc7 53. Nc5 c1=Q 54. Rxc1
Rxc1 55. Rxb5 Rc2+ 56. Kf3 Ra2 57. Ra5 Rxa3 58. Rxa4 Rxa4 59. Nxa4 Kg6 60. Nc5
Kf6 61. Kf4 Ra7 62. f3 Rc7 63. e4 fxe4 64. fxe4 Rg7 65. Nd3 h5 66. Ne5 Rb7 67.
g4 hxg4 68. Nxg4+ Ke7 69. Ne3 Rb4 70. d5 Kd6 71. dxe6 Rxe4+ 72. Kxe4 Kxe6 {Game
drawn because neither player has mating material} 1/2-1/2

[Event "Team 45 45 League T52"]
[Site "Internet Chess Club"]
[Date "2012.03.17"]
[Round "5"]
[White "isolani"]
[Black "SATELLITE-DAN"]
[Result "0-1"]
[WhiteElo "1610"]
[BlackElo "1513"]
[Opening "QGD Slav: exchange variation"]
[ECO "D13"]
[Time "17:00:47"]
[TimeControl "2700+45"]

1. Nf3 d5 2. d4 Nf6 3. c4 c6 4. cxd5 cxd5 5. Nc3 e6 6. e3 Nc6 7. Be2 Bb4 8. a3
Bxc3+ 9. bxc3 Ne4 10. Qc2 O-O 11. O-O Bd7 12. c4 Rc8 13. cxd5 exd5 14. Qb2 b6
15. Nd2 Nf6 16. Nb3 Ne7 17. Bd2 Ng6 18. Bb4 Re8 19. Rfc1 Ne4 20. f3 Nf6 21. Rxc8
Bxc8 22. Bd2 Nf4 23. Bf1 Ng6 24. Qc2 Nh4 25. Rc1 Qd7 26. Bb5 Qxb5 27. Bb4 Bf5
28. Qf2 Ng6 29. Nd2 a5 30. Bd6 Rd8 31. Be7 Nxe7 {White resigns} 0-1

[Event "Team 45 45 League T52"]
[Site "Internet Chess Club"]
[Date "2012.03.17"]
[Round "5"]
[White "Rodin7"]
[Black "barbak"]
[Result "1-0"]
[WhiteElo "1988"]
[BlackElo "1939"]
[Opening "English opening: Agincourt variation"]
[ECO "A13"]
[Time "14:00:36"]
[TimeControl "2700+45"]

1. Nf3 d5 2. c4 e6 3. b3 Nf6 4. g3 Be7 5. Bg2 O-O 6. Bb2 c5 7. O-O Nc6 8. cxd5
exd5 9. d4 Ne4 10. Nc3 Bf6 11. Nxe4 dxe4 12. Nd2 Bxd4 13. Bxd4 cxd4 14. Nxe4 Qe7
15. a3 Bf5 16. Nd2 Rad8 17. Re1 Qd7 18. Nc4 Rfe8 19. Nb2 Ne5 20. Nc4 Nxc4 21.
bxc4 Rc8 22. Rc1 Re5 23. Bd5 Rce8 24. Qxd4 b6 25. e3 Qe7 26. Rc3 Rd8 27. Rec1
Be4 28. Rd1 Kf8 29. f4 Re6 30. Kf2 f5 31. Qd2 Rh6 32. Kg1 Rhd6 33. Qa2 b5 34.
Rd4 bxc4 35. Bxe4 Rxd4 36. exd4 Qxe4 37. Rxc4 Qe1+ 38. Kg2 Re8 39. Rc2 Qe4+ 40.
Kg1 Qxd4+ 41. Kg2 Qe4+ 42. Kg1 Qe5 43. fxe5 {Black resigns} 1-0

[Event "Team 45 45 League T52"]
[Site "Internet Chess Club"]
[Date "2012.03.18"]
[Round "5"]
[White "tsia68"]
[Black "BuddyT"]
[Result "1/2-1/2"]
[WhiteElo "1737"]
[BlackElo "1770"]
[Opening "French: King's Indian attack"]
[ECO "C00"]
[Time "10:01:48"]
[TimeControl "2700+45"]

1. e4 e6 2. d3 d5 3. Nd2 c5 4. g3 Nc6 5. Bg2 dxe4 6. dxe4 b6 7. Ngf3 Ba6 8. c4
g6 9. Qa4 Bb7 10. Ne5 Qc7 11. Nxc6 Bxc6 12. Qc2 Bg7 13. Rb1 Nf6 14. O-O O-O 15.
b3 Rad8 16. Bb2 Rd7 17. Rfd1 Rfd8 18. f3 Qb7 19. Nf1 Rxd1 20. Rxd1 Rxd1 21. Qxd1
Qd7 22. Qxd7 Nxd7 23. Bxg7 Kxg7 24. Kf2 {Game drawn by mutual agreement} 1/2-1/2

[Event "Team 45 45 League T52"]
[Site "Internet Chess Club"]
[Date "2012.03.20"]
[Round "5"]
[White "Ayensa80"]
[Black "AlexMano"]
[Result "0-1"]
[WhiteElo "1671"]
[BlackElo "1761"]
[Opening "Sicilian: closed"]
[ECO "B23"]
[Time "15:29:58"]
[TimeControl "2700+45"]

1. e4 c5 2. Nc3 g6 3. f4 Bg7 4. Bc4 Nc6 5. Nf3 e6 6. e5 d5 7. exd6 Qxd6 8. d3
Nf6 9. Qe2 O-O 10. O-O a6 11. a4 b6 12. Ne4 Nxe4 13. dxe4 Bb7 14. c3 Rfd8 15.
Be3 Na5 16. e5 Qc7 17. Ba2 Rd7 18. b4 cxb4 19. cxb4 Nc6 20. Rac1 Qd8 21. b5 Ne7
22. Rfd1 Nd5 23. Bxd5 exd5 24. Qf2 axb5 25. axb5 Qe7 26. Bxb6 Qb4 27. Nd4 Qa4
28. Bc7 Rxc7 {White resigns} 0-1

[Event "Team 45 45 League T52"]
[Site "Internet Chess Club"]
[Date "2012.03.17"]
[Round "5"]
[White "NFork"]
[Black "Paulkov"]
[Result "0-1"]
[WhiteElo "2189"]
[BlackElo "2357"]
[Opening "Queen's pawn game, Darooha variation "]
[ECO "D02"]
[Time "12:01:32"]
[TimeControl "2700+45"]

1. Nf3 Nf6 2. d4 d5 3. c4 e6 4. cxd5 exd5 5. Nc3 c6 6. Bg5 Be7 7. Qc2 O-O 8. e3
Re8 9. Bd3 h6 10. Bf4 Nh5 11. Be5 Nd7 12. O-O-O Nxe5 13. dxe5 g6 14. h3 Ng7 15.
e4 dxe4 16. Nxe4 Qa5 17. Nf6+ Bxf6 18. exf6 Nh5 19. Bxg6 Nxf6 20. a3 Be6 21.
Rhe1 Rad8 22. Re5 Rxd1+ 23. Qxd1 Qb6 24. Qd4 fxg6 25. Qf4 Kg7 26. g4 Bf7 27. g5
hxg5 28. Nxg5 Rxe5 {White resigns} 0-1

[Event "Team 45 45 League T52"]
[Site "Internet Chess Club"]
[Date "2012.03.19"]
[Round "5"]
[White "ben622"]
[Black "Logos1"]
[Result "1/2-1/2"]
[WhiteElo "2019"]
[BlackElo "2013"]
[Opening "Ruy Lopez: modern Steinitz defense, siesta variation"]
[ECO "C74"]
[Time "20:19:10"]
[TimeControl "2700+45"]

1. e4 e5 2. Nf3 Nc6 3. Bb5 a6 4. Ba4 d6 5. c3 f5 6. d3 Nf6 7. O-O Be7 8. Re1 O-O
9. Nbd2 Kh8 10. Nf1 f4 11. d4 b5 12. dxe5 Ng4 13. exd6 Bxd6 14. Qd5 Bb7 15. Bc2
Qe7 16. Qg5 Qd7 17. h3 Nge5 18. N1h2 Rae8 19. Rd1 h6 20. Qh4 Qf7 21. Nxe5 Nxe5
22. f3 Qg6 23. Ng4 Bc8 24. a4 Bd7 25. Nxe5 Rxe5 26. Bxf4 Rh5 27. Qg3 Rg5 28. e5
Bc5+ 29. Kh2 Rxg3 30. Bxg6 Rxg6 31. Rxd7 Rxf4 32. Rxc7 Bb6 33. Rc8+ Kh7 34. axb5
axb5 35. Raa8 Re6 36. Re8 Rxe8 37. Rxe8 b4 38. Rb8 Bc7 39. Rxb4 Rxb4 40. cxb4
Bxe5+ 41. g3 Bxb2 42. b5 Bd4 43. f4 Kg6 44. Kg2 Kf5 45. Kf3 Bb6 46. g4+ Ke6 47.
Ke4 Bg1 48. g5 hxg5 49. fxg5 Bf2 50. Kf3 Be1 51. Kg4 Bf2 52. h4 Bb6 53. h5 Bd4
54. Kf4 Bb6 55. Ke4 Bd8 56. b6 Bxb6 57. g6 Kf6 58. h6 gxh6 59. g7 Kxg7 60. Kf3
Kg6 61. Kg4 Kf6 62. Kh3 Kf5 63. Kg3 Ke4 64. Kg2 Kf4 65. Kh1 Kg4 66. Kg2 Bc7 67.
Kh1 Kh3 68. Kg1 Bh2+ 69. Kh1 Bg3 {Game drawn by mutual agreement} 1/2-1/2

[Event "Team 45 45 League T52"]
[Site "Internet Chess Club"]
[Date "2012.03.18"]
[Round "5"]
[White "kasperloff"]
[Black "cesaralexander"]
[Result "0-1"]
[WhiteElo "1906"]
[BlackElo "1918"]
[Opening "QGA: classical, 6...a6"]
[ECO "D27"]
[Time "08:16:38"]
[TimeControl "2700+45"]

1. d4 d5 2. Nf3 Nf6 3. c4 dxc4 4. e3 e6 5. Bxc4 a6 6. O-O c5 7. Bb3 Nc6 8. Nc3
b5 9. d5 exd5 10. Nxd5 c4 11. Nxf6+ Qxf6 12. Bc2 Bg4 13. Be4 Rd8 14. Qe1 Bxf3
15. Bxf3 Ne5 16. Be2 Be7 17. Qa5 O-O 18. Bd2 Nd3 19. Bc3 Qg6 20. a4 Rd5 21. Bf3
Bd8 22. Bxd5 Bxa5 23. Bxa5 Qg5 24. Bb7 b4 25. Bc7 Qe7 {White resigns} 0-1

[Event "Team 45 45 League T52"]
[Site "Internet Chess Club"]
[Date "2012.03.20"]
[Round "5"]
[White "room-matt"]
[Black "SimplyClaudia"]
[Result "1-0"]
[WhiteElo "1812"]
[BlackElo "1854"]
[Opening "Queen's pawn game"]
[ECO "A45"]
[Time "16:00:44"]
[TimeControl "2700+45"]

1. d4 Nf6 2. Nc3 e6 3. Bg5 Be7 4. e3 d5 5. Nf3 h6 6. Bf4 O-O 7. Ne5 Nbd7 8. Qf3
c5 9. O-O-O Qb6 10. g4 Nxe5 11. dxe5 Nd7 12. h4 f6 13. exf6 Bxf6 14. Qe2 d4 15.
Ne4 dxe3 16. Nxf6+ Nxf6 17. g5 Nd5 18. Bxe3 hxg5 19. hxg5 Nxe3 20. fxe3 Qc6 21.
Qh5 Qe4 22. Rh3 Rf2 23. Bd3 Qe5 24. Bh7+ Kf8 25. Rd8+ Ke7 26. Qe8# {Black
checkmated} 1-0

[Event "Team 45 45 League T52"]
[Site "Internet Chess Club"]
[Date "2012.03.21"]
[Round "5"]
[White "SuperPeon"]
[Black "SlimeDog2"]
[Result "1/2-1/2"]
[WhiteElo "2225"]
[BlackElo "2120"]
[Opening "Petrov three knights game"]
[ECO "C42"]
[Time "02:43:24"]
[TimeControl "2700+45"]

1. e4 e5 2. Nf3 Nf6 3. Nc3 Bb4 4. Bc4 O-O 5. O-O d6 6. Re1 Be6 7. Bxe6 fxe6 8.
d4 Nbd7 9. dxe5 Bxc3 10. bxc3 Nxe5 11. Nxe5 dxe5 12. Ba3 Rf7 13. Qe2 Qe8 14.
Rab1 Qa4 15. Bc1 b6 16. a3 Rd8 17. f3 {Game drawn by mutual agreement} 1/2-1/2

[Event "Team 45 45 League T52"]
[Site "Internet Chess Club"]
[Date "2012.03.15"]
[Round "5"]
[White "cysk"]
[Black "Pacini"]
[Result "1/2-1/2"]
[WhiteElo "1749"]
[BlackElo "2114"]
[Opening "Sicilian: closed"]
[ECO "B23"]
[Time "13:44:24"]
[TimeControl "2700+45"]

1. e4 c5 2. Nc3 g6 3. f4 Bg7 4. Nf3 Nc6 5. Bb5 Nd4 6. Bd3 d6 7. Nxd4 cxd4 8. Ne2
e5 9. O-O Nf6 10. Bb5+ Bd7 11. Bxd7+ Nxd7 12. d3 O-O 13. f5 d5 14. fxg6 fxg6 15.
Rxf8+ Qxf8 16. exd5 Qc5 17. Kh1 Qxd5 18. c4 Qc6 19. Ng3 Rf8 20. b4 Nf6 21. Bg5
Ne8 22. Ne4 Nd6 23. Nd2 e4 24. c5 e3 25. cxd6 exd2 26. Qxd2 Qxd6 27. Kg1 Be5 28.
g3 Rf5 29. Rf1 Rxf1+ 30. Kxf1 Qd5 31. Qg2 Qxg2+ 32. Kxg2 Kf7 33. Kf3 Ke6 34. Ke4
Bg7 35. Bc1 Bf8 36. a3 a6 37. Kxd4 Bd6 38. Ke4 Bf8 39. d4 Bg7 40. Bf4 Bf6 41. a4
Be7 42. b5 axb5 43. axb5 Bf6 44. Be5 Bd8 45. d5+ Kf7 46. Kd4 Bb6+ 47. Kc4 Ke7
48. Bd4 Bc7 49. Bc5+ Kd7 50. d6 Bxd6 51. Kd5 Bc7 52. Bg1 Ba5 53. h3 Be1 54. g4
Bg3 55. Be3 Bd6 56. Bd4 Ba3 57. Ke5 Ke7 58. Bg1 Bb2+ 59. Kd5 Kd7 60. Bh2 Bc1 61.
Bd6 Be3 62. Bg3 {Game drawn by mutual agreement} 1/2-1/2